 Seeded DCSS version 0.29-a0-577-gafbf2c5d25 (webtiles) character file.

Game seed: 585938074022289478 (custom seed)

314 happo123 the Ruffian (level 6, -2/59 HPs)
             Began as a Troll Warper on June 14, 2022.
             Was an Initiate of Jiyva.
             Slain by Sigmund
             ... wielding a +1 scythe of protection
              (11 damage)
             ... on level 4 of the Dungeon.
             The game lasted 00:08:49 (3146 turns).

happo123 the Ruffian (Troll Warper)                 Turns: 3146, Time: 00:08:50

Health: -2/59      AC:  5    Str: 20    XL:     6   Next: 19%
Magic:  7/7        EV: 10    Int: 11    God:    Jiyva [......]
Gold:   147        SH:  0    Dex:  9    Spells: 6/8 levels left

rFire   . . .      SeeInvis .     - Unarmed
rCold   . . .      Faith    .   (no shield)
rNeg    . . .      Spirit   .   a - +0 robe
rPois   .          Reflect  .   (helmet restricted)
rElec   .          Harm     .   i - +0 cloak
rCorr   .          Rampage  .   (gloves unavailable)
Will    .....                   (boots unavailable)
Stlth   +.........              (no amulet)
HPRegen 0.99/turn               (no ring)
MPRegen 0.10/turn               (no ring)

@: confused
A: large, unfitting armour, claws 3, regeneration 1, shaggy fur 1, tough skin 1
a: Renounce Religion


You were on level 4 of the Dungeon.
You worshipped Jiyva.
Jiyva was noncommittal.
You visited 2 branches of the dungeon, and saw 5 of its levels.

You collected 147 gold pieces.

Inventory:

Hand Weapons
 m - a +0 arbalest
Missiles
 c - 7 boomerangs of dispersal (quivered)
 l - 7 boomerangs
Armour
 a - a +0 robe (worn)
 i - a +0 cloak (worn)
Scrolls
 b - a scroll of blinking
 e - 2 scrolls of vulnerability {unknown}
 g - 2 scrolls of identify {unknown}
 j - a scroll of fear {unknown}
 k - 2 scrolls of amnesia {unknown}
 p - a scroll of immolation {unknown}
Potions
 d - 3 potions of curing {unknown}
 f - a potion of invisibility {unknown}
 h - a potion of berserk rage {unknown}
 n - a potion of cancellation {unknown}
 o - 2 potions of degeneration {unknown}
 q - a potion of brilliance {unknown}


   Skills:
 + Level 2.4 Fighting
 - Level 0.8 Throwing
 + Level 2.6 Dodging
 * Level 3.9 Unarmed Combat
 + Level 1.8 Spellcasting
 * Level 3.4 Translocations


You had 6 spell levels left.
You knew the following spells:

 Your Spells              Type           Power      Damage    Failure   Level
a - Blink                 Tloc           16%        N/A       11%         2

Your spell library contained the following spells:

 Spells                   Type           Power      Damage    Failure   Level
 Gell's Gravitas          Tloc           8%         N/A       22%         3
 Lesser Beckoning         Tloc           8%         N/A       22%         3
 Teleport Other           Tloc           8%         N/A       22%         3
 Ozocubu's Armour         Ice            1%         N/A       65%         3
 Manifold Assault         Tloc           8%         N/A       90%         5
 Ozocubu's Refrigeration  Ice            0%         4d5       100%        7


Dungeon Overview and Level Annotations

Branches:
Dungeon (4/15)             Temple (1/1) D:4

Altars:
Ashenzari
Cheibriados
Fedhas
Kikubaaqudgha
Okawaru
Qazlal
Sif Muna
Trog
Vehumet
Zin
The Shining One
Jiyva

Annotations:
D:4 Sigmund


Innate Abilities, Weirdness & Mutations

You are too large for most types of armour.
You have claws for hands.
Your natural rate of healing is unusually fast.
You are covered in fur. (AC +1)
You have tough skin. (AC +1)


Message History

Something tries to affect you, but you resist.
You bump into the metal wall.
Something hits you.
You bump into the metal wall.
Something hits you but does no damage. Something hits you.
There is an open door here.
You feel less confused.
You hear some strange, mumbled words.
A puff of flame appears from out of thin air!
The puff of flame hits you!
There is an open door here.
Something hits you but does no damage.
There is an open door here.
You closely miss something.
You hear some strange, mumbled words.
Something tries to affect you, but you resist.
You barely miss something. Something hits you.
You barely miss something. You closely miss something. Something hits you.
You closely miss something. You barely miss something. Something hits you!
* * * LOW HITPOINT WARNING * * *
You miss something.
You hear some strange, mumbled words.
You are confused.
You miss something.
You hear some strange, mumbled words.
A magic dart appears from out of thin air!
The magic dart hits you.
* * * LOW HITPOINT WARNING * * *
You bump into the metal wall.
Something hits you!
* * * LOW HITPOINT WARNING * * *
You closely miss something. You closely miss something.
You hear some strange, mumbled words.
You are more confused.
You're too confused to move!
Something hits you.
* * * LOW HITPOINT WARNING * * *
You closely miss something. Something hits you!
You die...

... #.. #...... ..#####.[
#######
#......#############.....
#......#.....#.....#.....
#......#.....'.....#.....
#......+...<.#.....#.....
#......##..)###'####.....
#......{#...##...#.....##
#.......@...#....#.....#.
#..>....#...#....#.....#J
#.!.....#...'..<.'.....J.
#.......#..>####+#...JJ#.
#.....###...###.....#'##.
#.....#.......#.....#....
#.....#.......#.....#....
#.....#.......#.....#....
.......#.......#.....#....


There were no monsters in sight!

Vanquished Creatures
  A black bear (D:4)
  A necrophage (D:3)
  An orc wizard (D:3)
  A statue (D:4)
  2 adders (D:2)
  An ufetubus (D:4)
  2 worms (D:2)
  2 dart slugs (D:1)
  6 orcs
  9 ball pythons
  4 endoplasms
  5 giant cockroaches
  6 goblins
  9 hobgoblins
  8 jackals (D:1)
  A quokka (D:2)
  4 bats
  5 frilled lizards (D:1)
  4 kobolds
  4 rats
76 creatures vanquished.

Notes
Turn   | Place    | Note
-------+----------+-------------------------------------------
     0 | D:1      | happo123 the Troll Warper began the quest for the Orb.
     0 | D:1      | Reached XP level 1. HP: 19/19 MP: 1/1
   220 | D:1      | Reached XP level 2. HP: 28/28 MP: 2/2
   223 | D:1      | Learned a level 2 spell: Blink
   396 | D:1      | Reached XP level 3. HP: 34/35 MP: 4/4
  1307 | D:2      | Reached XP level 4. HP: 42/42 MP: 5/5
  2479 | D:3      | Found a faded altar of an unknown god.
  2562 | D:4      | Noticed a necrophage
  2591 | D:3      | Killed a necrophage
  2592 | D:3      | Reached XP level 5. HP: 27/49 MP: 6/6
  2714 | D:4      | Noticed a black bear
  2724 | D:4      | Killed a black bear
  2725 | D:4      | Reached XP level 6. HP: 54/59 MP: 7/7
  2726 | D:4      | Found a staircase to the Ecumenical Temple.
  2735 | Temple   | Entered the Ecumenical Temple
  2752 | Temple   | Became a worshipper of Jiyva Joywnoca the Shapeless
  2880 | D:4      | Found a shimmering blue altar of Sif Muna.
  2933 | D:4      | Found a radiant altar of Vehumet.
  3110 | D:4      | Noticed Sigmund
  3146 | D:4      | Slain by Sigmund

Illustrated notes

Levels and vault maps discovered:
D:1:      dpeg_arrival_rooms_a, layout_loops_cross, minmay_shallow_snake_nest
D:2:      layout_basic, ebering_dispersal_statue_hall, grunt_decor_arrowhead,
          grunt_ministairs_3
D:3:      layout_loops_ring, hellmonk_ecumenical_altar_leap_of_faith
D:4:      layout_gridville, lemuel_blue_sif_altar, vehumet_statue,
          minmay_temple_entry_glass, uniq_sigmund
Temple:   pf_slimified_temple

Skill      XL: |  1  2  3  4 |
---------------+-------------+-----
Dodging        | 2 |  2.6
Unarmed Combat | 3 |  3.9
Fighting       | 2 |  2.4
Translocations | 3 |  3.4
Throwing       | |  0.8
Spellcasting   | |  1.8

Action                   |  1- 3 |  4- 6 || total
-------------------------+-------+-------++-------
Melee: Unarmed           |   120 |   145 ||   265
       Punch             |     3 |     5 ||     8
 Stab: Sleeping          |       |     1 ||     1
Armor: Robe              |    49 |    39 ||    88
Dodge: Dodged            |    67 |    66 ||   133

Table legend: (Time is in decaauts)
 A = Elapsed time spent in this place.
 B = Non-inter-level travel time spent in this place.
 C = Inter-level travel time spent in this place.
 D = Time resting spent in this place.
 E = Time spent auto-exploring this place.
 F = Levels seen in this place.
 G = Mean time per level.
                   A        B        C        D        E       F      G
               +--------+--------+--------+--------+--------+-----+--------+
         Total |   3132 |   2968 |    164 |     21 |   2371 |   5 |  626.4 |
       Dungeon |   3049 |   2914 |    135 |     21 |   2329 |   4 |  762.2 |
        Temple |     82 |     53 |     29 |      0 |     42 |   1 |   82.0 |
               +--------+--------+--------+--------+--------+-----+--------+

Top non-repeatable levels by time:
     D:2: 1193 daAuts
     D:1: 785 daAuts
     D:3: 617 daAuts
     D:4: 453 daAuts
  Temple: 82 daAuts
